 Dungeon Crawl Stone Soup version 0.24.0-124-g2791043dd8 (webtiles) character file.

Game seed: 6599390017174545642, levelgen mode: deterministic

627 H0rd4k the Charlatan (level 7, -3/51 HPs)
             Began as a Human Artificer on Feb 14, 2020.
             Slain by Prince Ribbit (5 damage)
             ... on level 5 of the Dungeon.
             The game lasted 00:08:04 (5363 turns).

H0rd4k the Charlatan (Human Artificer)              Turns: 5363, Time: 00:08:05

Health: -3/51      AC:  3    Str: 16    XL:     7   Next: 77%
Magic:  11/11      EV: 13    Int: 12    God:
Gold:   195        SH:  0    Dex: 13    Spells: 6/6 levels left

rFire    . . .     SeeInvis +   s - +0 falchion
rCold    . . .     Gourm    .   (no shield)
rNeg     . . .     Faith    .   b - +0 leather armour
rPois    .         Spirit   .   (no helmet)
rElec    +         Reflect  .   (no cloak)
rCorr    .         Harm     .   (no gloves)
MR       .....                  o - -1 pair of boots
Stlth    ++........             (no amulet)
HPRegen  0.00/turn              (no ring)
MPRegen  0.12/turn              h - ring of see invisible

@: very slightly contaminated
A: high mp 1, electricity resistance, inhibited regeneration, strong 1
a: no special abilities


You were on level 5 of the Dungeon.
You were not hungry.

You visited 1 branch of the dungeon, and saw 6 of its levels.

You collected 195 gold pieces.

Inventory:

Hand Weapons
 a - a +0 short sword
 s - a +0 falchion (weapon)
Missiles
 p - 6 curare-tipped darts (quivered)
Armour
 b - a +0 leather armour (worn)
 o - a -1 pair of boots (worn)
Jewellery
 h - a ring of see invisible (right hand)
Wands
 d - a wand of enslavement (8)
 e - a wand of random effects (9)
 l - a wand of digging (9)
 t - a wand of iceblast (8)
Scrolls
 i - 4 scrolls of identify
 j - a scroll of fog
 k - a scroll of noise
 m - 4 scrolls of enchant weapon
 n - 5 scrolls of teleportation
 u - a scroll of remove curse
Potions
 r - a potion of flight {unknown}
 x - a potion of agility {unknown}
Comestibles
 f - 5 rations


   Skills:
 + Level 2.6 Fighting
 + Level 3.4(3.9) Short Blades
 + Level 2.6(3.5) Long Blades
 + Level 0.1 Throwing
 + Level 3.3 Armour
 + Level 3.3 Dodging
 + Level 2.0 Stealth
 + Level 4.2 Evocations


You had 6 spell levels left.
You didn't know any spells.
Your spell library was empty.

Dungeon Overview and Level Annotations

Branches:
Dungeon (6/15)             Temple (0/1) D:5

Altars:
Cheibriados
Elyvilon
Nemelex Xobeh
Sif Muna
Yredelemnul
Zin

Shops:
D:4 %([

Annotations:
D:1 exclusion: downstairs
D:2 1 runed translucent door, 1 exclusion, Crazy Yiuf
D:5 Blork the orc, Prince Ribbit
D:6 Grinder


Innate Abilities, Weirdness & Mutations

You have an increased reservoir of magic. (+10% MP)
You are resistant to electric shocks. (rElec)
You do not regenerate when monsters are visible.
Your muscles are strong. (Str +2)


Message History

You hit Prince Ribbit.
Prince Ribbit is heavily wounded.
Prince Ribbit hits you!
You hit Prince Ribbit.
Prince Ribbit is severely wounded.
Prince Ribbit closely misses you.
You riposte.
You hit Prince Ribbit but do no damage.
Prince Ribbit is severely wounded.
The crimson imp blinks!
Prince Ribbit hits you!
* * * LOW HITPOINT WARNING * * *
You miss Prince Ribbit.
Prince Ribbit is severely wounded.
Prince Ribbit hits you!
* * * LOW HITPOINT WARNING * * *
Evoke which item? (* to show all) (? for menu, Esc to quit)
Aiming: Enslavement
Press: ? - help, Shift-Dir - straight line, f - Prince Ribbit
Aim: Prince Ribbit (severely wounded, chance to defeat MR: 41%) Prince Ribbit resists with some effort.
Prince Ribbit hits you.
You die...

.# #.# ...# .# #.#
...# .# #.# #..# .#
#.# #..# ## #ยง# ###
#..# ###########.###<#
#..# ..............#.#
#..#
###########.#.#.###5.#
..........#.#.#.@F...#
#########.#.#.######.#
.....................#
#############.########
.. #.# ### #.# #.# #.#
$.#


You could see Prince Ribbit and a crimson imp.

Vanquished Creatures
  Sigmund (D:3)
  A howler monkey (D:4)
  A hound (D:4)
  Natasha (thrice) (D:2 D:3)
  Ijyb (D:4)
  3 worker ants (D:4)
  Terence (D:3)
  3 hound skeletons
  9 adders
  An ooze (D:1)
  A worm (D:2)
  3 dart slugs
  2 leopard geckos (D:4)
  5 orcs
  2 ball pythons
  6 bats
  5 giant cockroaches
  7 goblins
  7 hobgoblins
  8 jackals
  3 quokkas
  4 frilled lizards
  3 kobolds (D:2)
  7 rats
87 creatures vanquished.

Vanquished Creatures (collateral kills)
  A rat (D:3)
1 creature vanquished.

Vanquished Creatures (others)
  An orc (D:5)
1 creature vanquished.

Grand Total: 89 creatures vanquished

Notes
Turn   | Place    | Note
-------+----------+-------------------------------------------
     0 | D:1      | H0rd4k the Human Artificer began the quest for the Orb.
     0 | D:1      | Reached XP level 1. HP: 15/15 MP: 3/3
    91 | D:1      | Reached XP level 2. HP: 19/21 MP: 4/4
   740 | D:1      | Reached XP level 3. HP: 26/26 MP: 5/5
  1085 | D:2      | Found a runed translucent door.
  1086 | D:2      | Noticed Crazy Yiuf
  1177 | D:2      | Reached XP level 4. HP: 21/32 MP: 6/6
  1373 | D:2      | Found a basalt altar of Yredelemnul.
  1774 | D:2      | Noticed Natasha
  1782 | D:2      | Killed Natasha
  1782 | D:2      | Reached skill level 1 in Armour
  1902 | D:2      | Reached XP level 5. HP: 25/37 MP: 7/7
  1935 | D:2      | Noticed Natasha
  1952 | D:3      | Gained mutation: You have an increased reservoir of magic.
                  | (+10% MP) [potion of mutation]
  1952 | D:3      | Gained mutation: You are resistant to electric shocks.
                  | (rElec) [potion of mutation]
  1952 | D:3      | Gained mutation: You do not regenerate when monsters are
                  | visible. [potion of mutation]
  1952 | D:3      | Gained mutation: Your muscles are strong. (Str +2) [potion
                  | of mutation]
  2279 | D:2      | Found a shimmering blue altar of Sif Muna.
  2506 | D:3      | Noticed Sigmund
  2509 | D:3      | Killed Sigmund
  2509 | D:3      | Reached skill level 4 in Evocations
  2509 | D:3      | Reached XP level 6. HP: 44/44 MP: 10/10
  2523 | D:3      | Found a white marble altar of Elyvilon.
  2523 | D:3      | Found a sparkling altar of Nemelex Xobeh.
  2642 | D:3      | Noticed Terence
  2643 | D:3      | Killed Terence
  2802 | D:3      | Killed Natasha
  2827 | D:3      | Noticed Natasha
  3074 | D:3      | Killed Natasha
  3128 | D:3      | Found a snail-covered altar of Cheibriados.
  3465 | D:4      | Found Ufedari's Food Shoppe.
  3472 | D:4      | Reached XP level 7. HP: 48/50 MP: 11/11
  3529 | D:4      | Noticed Ijyb
  3560 | D:4      | Killed Ijyb
  3560 | D:4      | Reached skill level 1 in Long Blades
  3887 | D:4      | Found Vemicadi's Armour Emporium.
  4364 | D:4      | Found a glowing silver altar of Zin.
  4457 | D:4      | Found Teolehim's Weapon Shop.
  4529 | D:5      | Entered Level 5 of the Dungeon
  4549 | D:5      | Found a staircase to the Ecumenical Temple.
  4554 | D:5      | Noticed Blork the orc
  4942 | D:5      | Noticed Prince Ribbit
  5037 | D:6      | Noticed Grinder
  5042 | D:6      | Paralysed by Grinder for 3 turns
  5050 | D:6      | HP: 1/51 [Grinder (2)]
  5090 | D:6      | HP: 2/51 [Grinder/nerve-wracking pain (5)]
  5130 | D:5      | HP: 1/51 [crimson imp (3)]
  5362 | D:5      | HP: 2/51 [Prince Ribbit (9)]
  5363 | D:5      | Slain by Prince Ribbit

Levels and vault maps discovered:
D:1:      elethiomel_arrival_shortcut, layout_loops_ring
D:2:      layout_loops_cross, yredelemnul_altar_generic, lemuel_blue_sif_altar,
          uniq_crazy_yiuf_cottage, uniq_natasha
D:3:      layout_basic, gammafunk_temple_overflow_elements, cheibriados_altar_1,
          uniq_sigmund, uniq_terence
D:4:      layout_cave_pools, zin_academy, serial_shops, kennysheep_mini,
          nicolae_shop_stone, shop, uniq_ijyb
D:5:      lemuel_castle_with_subvaults [lemuel_castle_interior_original],
          layout_basic, minmay_temple_entry_large_hall, first_ration,
          minmay_fractal_squares_5, uniq_prince_ribbit1, uniq_menkaure,
          uniq_blork_the_orc
D:6:      layout_basic, kennysheep_little_box, uniq_eustachio, uniq_grinder

Skill      XL: |  1  2  3  4  5  6  7 |
---------------+----------------------+-----
Short Blades   | 2 3 |  3.4
Armour         | 1 2 3 |  3.3
Fighting       | 2 |  2.6
Evocations     | 4 |  4.2
Stealth        | 2 |  2.0
Dodging        | 3 |  3.3
Long Blades    | 2 |  2.6
Throwing       | |  0.1

Action                   |  1- 3 |  4- 6 |  7- 9 || total
-------------------------+-------+-------+-------++-------
Melee: Short sword       |    83 |   104 |       ||   187
       Falchion          |       |    51 |   165 ||   216
Throw: Dart              |       |     6 |     1 ||     7
Evoke: Wand              |     1 |    18 |    10 ||    29
  Use: Potion            |       |     3 |     4 ||     7
       Scroll            |       |     4 |     6 ||    10
 Stab: Sleeping          |     3 |       |       ||     3
  Eat: Chunk             |     1 |     3 |     5 ||     9
       Ration            |       |     1 |     1 ||     2
Armor: Leather armour    |    23 |    40 |    32 ||    95
Dodge: Dodged            |    67 |   115 |   123 ||   305
       Rpst.: Falchion   |       |    11 |    47 ||    58
